 Dungeon Crawl Stone Soup version 0.21-a0-417-g0adc95b (webtiles) character file.

105 Koleisus the Ducker (level 4, -6/34 HPs)
             Began as a Demonspawn Gladiator on Nov 3, 2017.
             Mangled by zorance's ghost (11 damage)
             ... on level 3 of the Dungeon.
             The game lasted 00:08:30 (1525 turns).

Koleisus the Ducker (Demonspawn Gladiator)          Turns: 1525, Time: 00:08:30

Health: -6/34      AC:  4    Str: 14    XL:     4   Next: 54%
Magic:  0/4        EV: 14    Int:  9    God:
Gold:   85         SH:  0    Dex: 16    Spells: 2/3 levels left

rFire    . . .     SeeInvis .   v - +2 dagger (venom)
rCold    . . .     Gourm    .   (no shield)
rNeg     . . .     Faith    .   b - +0 leather armour
rPois    .         Spirit   +   c - +0 helmet
rElec    .         Reflect  .   h - scarf {Spirit}
rCorr    .         Harm     .   (no gloves)
MR       .....                  (no boots)
Stlth    +.........             (no amulet)
HPRegen  0.11/turn              (no ring)
MPRegen  0.09/turn              (no ring)

@: no status effects
A: demonic guardian 1, sturdy frame 2
a: no special abilities


You were on level 3 of the Dungeon.
You were not hungry.

You visited 1 branch of the dungeon, and saw 3 of its levels.

You collected 85 gold pieces.

Inventory:

Hand Weapons
 r - a +0 hunting sling
 v - a +2 dagger of venom (weapon)
 x - a +2 vampiric short sword
Missiles
 d - 3 throwing nets (quivered)
 e - 153 stones
 j - 8 sling bullets
 q - 25 arrows
 y - 3 tomahawks
Armour
 b - a +0 leather armour (worn)
 c - a +0 helmet (worn)
 h - a scarf of spirit shield (worn)
Jewellery
 o - an uncursed ring of stealth {unknown}
Scrolls
 i - 3 scrolls of identify {unknown}
 k - a scroll of teleportation {unknown}
 n - a scroll of fog {unknown}
 t - a scroll of noise {unknown}
 u - a scroll of enchant armour {unknown}
 w - a scroll of blinking {unknown}
Potions
 m - a potion of invisibility {unknown}
 p - a potion of heal wounds
Books
 a - a book of Cantrips

   Spells                             Type                      Level
   a - Confusing Touch                Hexes                        1
   b - Animate Skeleton               Necromancy                   1
   c - Summon Small Mammal            Summoning                    1
   d - Apportation                    Translocation                1
Comestibles
 f - 2 bread rations
 g - 2 chunks of flesh
 l - a meat ration
 s - 2 royal jellies


   Skills:
 + Level 2.6 Fighting
 + Level 0.2 Short Blades
   Level 0.2 Maces & Flails
   Level 3.3 Polearms
 + Level 2.0 Throwing
 + Level 1.4 Armour
 + Level 3.4 Dodging
 + Level 0.1 Stealth
 + Level 0.1 Spellcasting


You had 2 spell levels left.
You knew the following spells:

 Your Spells              Type           Power        Failure   Level  Hunger
a - Animate Skeleton      Necr           N/A          36%         1    ##.....


Dungeon Overview and Level Annotations

Branches:
Dungeon (3/15)

Altars:
Makhleb
Sif Muna

Annotations:
D:3 zorance's ghost, amateur FoFi


Innate Abilities, Weirdness & Mutations

A weak demonic guardian rushes to your aid.
Your movements are less encumbered by armour. (ER -4)


Message History

Zorance's ghost completely misses your iron imp.
You hit the hound.
The hound looks as sick as possible!
The hound is almost dead.
The hound closely misses you.
Your iron imp hits zorance's ghost.
Zorance's ghost hits your iron imp!
Your iron imp dies!
The hound closely misses you.
You hit the hound.
You kill the hound!
You swap places.
Your quasit barely misses zorance's ghost.
Your quasit claws zorance's ghost.
Your quasit barely misses zorance's ghost.
Zorance's ghost barely misses your quasit.
You swap places.
Zorance's ghost barely misses you.
You barely miss zorance's ghost.
Zorance's ghost is lightly damaged.
Zorance's ghost wails.
Zorance's ghost hits you!
You die...

.>......# #.
.......# _..
......##...#
......#...#
.......... .........
######........
#..5@W....#
#.####.#### #.#
##.#####..
#.###.........
#.#...........
#.#...........
#...........#.
##########.........#
#..............#####


You could see zorance's ghost and a friendly quasit.

Vanquished Creatures
  A hound (D:3)
  4 adders
  10 bats
  3 giant cockroaches (D:2)
  9 hobgoblins
  5 kobolds
  A quokka (D:2)
  A ball python (D:2)
  3 frilled lizards
  7 goblins
  5 rats
49 creatures vanquished.

Vanquished Creatures (collateral kills)
  A goblin (D:2)
1 creature vanquished.

Grand Total: 50 creatures vanquished

Notes
Turn   | Place    | Note
-------+----------+-------------------------------------------
     0 | D:1      | Koleisus the Demonspawn Gladiator began the quest for the Orb.
     0 | D:1      | Reached XP level 1. HP: 16/16 MP: 1/1
   108 | D:1      | Gained mutation: A weak demonic guardian rushes to your aid. [demonic ancestry]
   108 | D:1      | Reached XP level 2. HP: 15/22 MP: 2/2
   830 | D:2      | Gained mutation: Your movements are slightly less encumbered by armour. (ER -2) [demonic ancestry]
   830 | D:2      | Reached XP level 3. HP: 18/28 MP: 3/3
   841 | D:2      | HP: 1/28 [poisoned by an adder]
   997 | D:2      | Learned a level 1 spell: Animate Skeleton
  1018 | D:2      | Found a deep blue altar of Sif Muna.
  1105 | D:2      | Reached skill level 1 in Armour
  1122 | D:2      | Gained mutation: Your movements are less encumbered by armour. (ER -4) [demonic ancestry]
  1122 | D:2      | Reached XP level 4. HP: 34/34 MP: 2/4
  1504 | D:3      | Noticed zorance's ghost (amateur FoFi)
  1506 | D:3      | Found a burning altar of Makhleb.
  1525 | D:3      | Mangled by zorance's ghost

Vault maps used:
D:1:      dpeg_arrival_arbitrary_a
D:2:      led_sif_pool
D:3:      lemuel_doored_altar, fedhas_altar_1, lemuel_coloured_pillars_altar,
          makhleb_heckhound_becter, doesnt_xom_only_xom, uniq_ijyb

Skill      XL: |  1  2  3 |
---------------+----------+-----
Throwing       | 2 |  2.0
Polearms       | 3 |  3.3
Dodging        | 3 |  3.4
Armour         | 1 |  1.4
Fighting       | |  2.6
Short Blades   | |  0.2
Maces & Flails | |  0.2
Stealth        | |  0.1
Spellcasting   | |  0.1

Action                   |  1- 3 |  4- 6 || total
-------------------------+-------+-------++-------
Melee: Trident           |    50 |       ||    50
       Mace              |    30 |       ||    30
       Dagger            |    20 |    31 ||    51
 Cast: Animate Skeleton  |     1 |     1 ||     2
  Use: Potion            |     1 |       ||     1
  Eat: Chunk             |     1 |     1 ||     2
Armor: Leather armour    |    25 |    11 ||    36
Dodge: Dodged            |    86 |    24 ||   110

Table legend:
 A = Spawn XP
 B = Non-spawn XP
 C = Spawn XP percentage of total XP
 D = Spawn monster count
 E = Non-spawn monster count
 F = Spawn count percentage of total count
 G = Total turns spent on level
                    A         B        C        D         E        F      G
               +---------+---------+-------+---------+---------+-------+---------
         Total |       0 |     151 |   0.0 |       0 |      50 |   0.0 |  1525
               +---------+---------+-------+---------+---------+-------+---------
           D:1 |       0 |      32 |   0.0 |       0 |      20 |   0.0 |   818
           D:2 |       0 |      75 |   0.0 |       0 |      27 |   0.0 |   584
           D:3 |       0 |      44 |   0.0 |       0 |       3 |   0.0 |   123
               +---------+---------+-------+---------+---------+-------+---------
